 Dungeon Crawl Stone Soup version 0.32-a0-732-ga344392067 (webtiles) character file.

Game seed: 17074307912979875499

1404 shadizar the Thaumaturge (level 9, -5/55 HPs)
             Began as a Djinni Conjurer on Mar 16, 2024.
             Shot with an arrow by a centaur (13 damage)
             ... on level 6 of the Dungeon.
             The game lasted 00:04:24 (5119 turns).

shadizar the Thaumaturge (Djinni Conjurer)          Turns: 5119, Time: 00:04:25

Health: -5/55      AC:  7    Str:  6    XL:     9   Next: 1%
Gold:   443        EV: 16    Int: 25    God:
                   SH:  0    Dex: 11

rFire   + + .        u - staff of conjuration
rCold   x . .        (no shield)
rNeg    . . .        w - +2 robe {Will+}
rPois   ∞            n - +1 helmet
rElec   .            (no cloak)
rCorr   +            l - +0 pair of gloves
SInv    .            (boots unavailable)
Will    +....        (no amulet)
Stlth   ++           g - +5 ring of evasion
HPRegen 0.29/turn    f - ring of resist corrosion
MPRegen 0.00/turn

%: infuse magic (-6 HP)
@: flying
A: sickness immunity, fire resistance 2, cold vulnerability 1, float, innate
caster, HP casting, extra vitality 1
a: no special abilities


You were on level 6 of the Dungeon.
You visited 1 branch of the dungeon, and saw 6 of its levels.

You collected 443 gold pieces.

Inventory:

Armour
 a - a +0 robe
 l - a +0 pair of gloves (worn)
 n - a +1 helmet (worn)
 w - a +2 robe of willpower (worn)
Magical Staves
 u - a staff of conjuration (weapon)
Jewellery
 f - a ring of resist corrosion (right hand)
 g - a +5 ring of evasion (left hand)
Wands
 v - a wand of iceblast (6)
Scrolls
 b - 10 scrolls of identify {unknown}
 d - a scroll of poison {unknown}
 h - a scroll of fear {unknown}
 i - a scroll of silence {unknown}
 o - a scroll of noise {unknown}
 p - 3 scrolls of teleportation {unknown}
 r - a scroll of butterflies {unknown}
 s - a scroll of revelation {unknown}
 t - a scroll of enchant weapon {unknown}
 y - a scroll of blinking {unknown}
Potions
 c - 4 potions of curing {unknown}
 e - a potion of berserk rage {unknown}
 j - 2 potions of lignification {unknown}
 k - 3 potions of mutation {unknown}
 m - 3 potions of might {unknown}
 q - 2 potions of enlightenment {unknown}
 x - a potion of degeneration {unknown}


   Skills:
 - Level 2.1 Dodging
 - Level 1.5 Stealth
 + Level 9.0 Spellcasting
 + Level 9.0 Conjurations
 + Level 9.0 Hexes
 + Level 9.0 Summonings
 + Level 9.0 Necromancy
 + Level 9.0 Translocations
 + Level 9.0 Fire Magic
 + Level 9.0 Ice Magic
 + Level 9.0 Air Magic
 + Level 9.0 Earth Magic
 + Level 9.0 Alchemy


You knew the following spells:

 Your Spells              Type           Power      Damage    Failure   Level
a - Magic Dart            Conj           100%       1d8       1%          1
b - Searing Ray           Conj           100%       2d8       1%          2
c - Fulminant Prism       Conj/Alch      35%        3d17      1%          4
d - Iskenderun's Mystic   Conj/Tloc      71%        2d14      1%          4
e - Shock                 Conj/Air       100%       1d9       1%          1
f - Ensorcelled Hibernat  Hex/Ice        100%       N/A       1%          2
g - Hailstorm             Conj/Ice       71%        3d12      1%          3
h - Dimensional Bullseye  Hex/Tloc       27%        N/A       1%          4
Your spell library was empty.

Dungeon Overview and Level Annotations

Branches:
Dungeon (6/15)
 Temple: D:4-7

Altars:
Cheibriados
Elyvilon
Hepliaklqana
Okawaru
Zin


Innate Abilities, Weirdness & Mutations

You are immune to sickness and miasma.
You are immune to poison.
Your flesh is very heat resistant. (rF++)
You are vulnerable to cold. (rC-)
You float through the air rather than walking.
You learn spells naturally, not from books.
Your magical power is your life essence.
You have superior vitality. (+4 MHP)


Message History

You feel a surge of power!
The magic dart hits the centaur.
The centaur is moderately wounded.
The centaur shoots an arrow.
The arrow hits you!
The centaur shoots an arrow.
The arrow hits you.
Casting: Magic Dart (safe; 1% risk of failure)
Confirm with . or Enter, or press ? or * to list all spells.
Aiming: Fulminant Prism (dangerous; 1% risk of failure)
Press: ? - help, Dir - move target, p - centaur You feel a surge of power!
You conjure a prism of explosive energy!
A fulminant prism comes into view.
The centaur shoots an arrow.
The arrow hits you!
* * * LOW HITPOINT WARNING * * *
Casting: Fulminant Prism (dangerous; 1% risk of failure)
Confirm with . or Enter, or press ? or * to list all spells.
Aiming: Magic Dart (safe; 1% risk of failure)
Press: ? - help, Shift-Dir - straight line, f - centaur
Aim: a centaur, wielding a +0 shortbow (moderately wounded, ally target, 100% to hit)
You feel a surge of power!
The magic dart hits the centaur.
The centaur is moderately wounded.
* * * LOW HITPOINT WARNING * * *
The centaur shoots an arrow.
The arrow barely misses you.
Your fulminant prism crackles loudly.
Unknown command.
Unknown command.
Unknown command.
Unknown command.
Unknown command.
Unknown command.
Casting: Magic Dart (safe; 1% risk of failure)
Confirm with . or Enter, or press ? or * to list all spells.
Aiming: Magic Dart (safe; 1% risk of failure)
Press: ? - help, Shift-Dir - straight line, f/p - centaur
Aim: a centaur, wielding a +0 shortbow (moderately wounded, ally target, 100% to hit)
You feel a surge of power!
The magic dart hits the centaur but does no damage.
The centaur is moderately wounded.
* * * LOW HITPOINT WARNING * * *
The centaur shoots an arrow.
The arrow hits you!
You die...

#................ #
#..........†......# #
#...............<.
##............... #
##.............. #
######.####..## #
#.###..## ##
#######*c....# #.
##..........@## #.
##............##
###########.
#..............#
##...........
#..(...........#
#..##########
#..............###.##
#..................#
#..............#####
##............##
##..........##


You could see a centaur (ally target) and a friendly fulminant prism.

Vanquished Creatures
  Sigmund (D:5)
  2 black bears (D:6)
  3 ogres
  A phantom (D:6)
  A centaur (D:6)
  A bullfrog (D:4)
  2 scorpions
  2 bombardier beetles
  A jelly (D:6)
  2 orc priests
  Natasha (twice) (D:2)
  4 iguanas
  An orc wizard (D:5)
  Robin (D:2)
  2 adders
  3 gnolls (D:6)
  A shadow imp (D:5)
  3 dart slugs
  A ribbon worm (D:4)
  6 orcs
  3 endoplasms
  5 giant cockroaches
  11 goblins
  9 hobgoblins
  4 jackals (D:4)
  5 kobolds
  5 quokkas
  4 ball pythons
  3 bats
  2 frilled lizards (D:1)
  3 rats
94 creatures vanquished.

Vanquished Creatures (others)
  4 fulminant prisms
4 creatures vanquished.

Grand Total: 98 creatures vanquished

Notes
Turn   | Place    | Note
-------+----------+-------------------------------------------
     0 | D:1      | shadizar the Djinni Conjurer began the quest for the Orb.
     0 | D:1      | shadizar set off with the following spells memorised: Magic
                  | Dart, Searing Ray, Fulminant Prism, Iskenderun's Mystic
                  | Blast.
     0 | D:1      | Reached XP level 1. HP: 15/15 MP: 0/0
   182 | D:1      | Reached XP level 2. HP: 16/21 MP: 0/0
   837 | D:2      | Reached XP level 3. HP: 18/25 MP: 0/0
   837 | D:2      | Learned a level 1 spell: Shock
   900 | D:2      | Noticed Robin
   904 | D:2      | Killed Robin
  1069 | D:2      | Noticed Natasha
  1072 | D:2      | Killed Natasha
  1073 | D:2      | Reached XP level 4. HP: 27/31 MP: 0/0
  1374 | D:2      | Noticed Natasha
  1380 | D:2      | Killed Natasha
  1591 | D:3      | Reached XP level 5. HP: 32/35 MP: 0/0
  1591 | D:3      | Learned a level 2 spell: Ensorcelled Hibernation
  1668 | D:3      | Reached skill level 5 in Spellcasting
  1668 | D:3      | Reached skill level 5 in Conjurations
  1668 | D:3      | Reached skill level 5 in Hexes
  1668 | D:3      | Reached skill level 5 in Summonings
  1668 | D:3      | Reached skill level 5 in Necromancy
  1668 | D:3      | Reached skill level 5 in Translocations
  1668 | D:3      | Reached skill level 5 in Fire Magic
  1668 | D:3      | Reached skill level 5 in Ice Magic
  1668 | D:3      | Reached skill level 5 in Air Magic
  1668 | D:3      | Reached skill level 5 in Earth Magic
  1668 | D:3      | Reached skill level 5 in Alchemy
  1714 | D:3      | Found an iron altar of Okawaru.
  1714 | D:3      | Found a snail-covered altar of Cheibriados.
  1823 | D:3      | Found a faded altar of an unknown god.
  2185 | D:3      | Found a hazy altar of Hepliaklqana.
  2683 | D:4      | Reached XP level 6. HP: 24/40 MP: 0/0
  3229 | D:4      | Found a glowing silver altar of Zin.
  3272 | D:4      | Reached XP level 7. HP: 37/45 MP: 0/0
  3272 | D:4      | Learned a level 3 spell: Hailstorm
  3473 | D:5      | Entered Level 5 of the Dungeon
  4116 | D:5      | Noticed Sigmund
  4174 | D:5      | Killed Sigmund
  4175 | D:5      | Reached XP level 8. HP: 37/50 MP: 0/0
  4890 | D:6      | Found a white marble altar of Elyvilon.
  5005 | D:6      | Reached XP level 9. HP: 34/55 MP: 0/0
  5005 | D:6      | Learned a level 4 spell: Dimensional Bullseye
  5119 | D:6      | Shot with an arrow by a centaur

Illustrated notes

Levels and vault maps discovered:
D:1:      matt_arrival_spirals, layout_loops_ring, minmay_pentomino_x4
D:2:      layout_rooms, uniq_robin, uniq_natasha
D:3:      minmay_door_path, layout_basic, jmf_multi_god_temple,
          nicolae_hepliaklqana_hippocampus, chequers_ecumenical_altar_simple
D:4:      layout_rooms, zin_scriptorium, minmay_unequal
D:5:      layout_basic, chequers_serial_rivers_micro_c, minmay_misc_feat_rows,
          kennysheep_generic_room_3, uniq_sigmund
D:6:      layout_rooms, overflow_temple_1_default, minmay_gold_behind_fungi

Skill      XL: |  1  2  3  4  5  6  7  8 |
---------------+-------------------------+-----
Spellcasting   | 4 5 6 7 9 |  9.0
Conjurations   | 4 5 6 7 9 |  9.0
Hexes          | 4 5 6 7 9 |  9.0
Summonings     | 4 5 6 7 9 |  9.0
Necromancy     | 4 5 6 7 9 |  9.0
Translocations | 4 5 6 7 9 |  9.0
Fire Magic     | 4 5 6 7 9 |  9.0
Ice Magic      | 4 5 6 7 9 |  9.0
Air Magic      | 4 5 6 7 9 |  9.0
Earth Magic    | 4 5 6 7 9 |  9.0
Alchemy        | 4 5 6 7 9 |  9.0
Dodging        | |  2.1
Stealth        | |  1.5

Action                     |  1- 3 |  4- 6 |  7- 9 || total
---------------------------+-------+-------+-------++-------
   Cast: Magic Dart        |    53 |   108 |    97 ||   258
         Searing Ray       |     1 |     3 |     2 ||     6
         Iskenderun's Myst |       |       |    16 ||    16
         Fulminant Prism   |       |       |     5 ||     5
 Armour: Robe              |     4 |     8 |    21 ||    33
  Dodge: Dodged            |     2 |    20 |    20 ||    42

Table legend: (Time is in decaauts)
 A = Elapsed time spent in this place.
 B = Non-inter-level travel time spent in this place.
 C = Inter-level travel time spent in this place.
 D = Time resting spent in this place.
 E = Time spent auto-exploring this place.
 F = Levels seen in this place.
 G = Mean time per level.
                   A        B        C        D        E       F      G
               +--------+--------+--------+--------+--------+-----+--------+
         Total |   5122 |   4813 |    309 |      0 |   4174 |   6 |  853.7 |
       Dungeon |   5122 |   4813 |    309 |      0 |   4174 |   6 |  853.7 |
               +--------+--------+--------+--------+--------+-----+--------+

Top non-repeatable levels by time:
     D:3: 1082 daAuts
     D:5: 1014 daAuts
     D:4: 918 daAuts
     D:1: 852 daAuts
     D:2: 722 daAuts
     D:6: 530 daAuts
